 Dungeon Crawl Stone Soup version 0.30-a0-1160-g6e42c06551 (webtiles) character file.

Game seed: 6554761409322550477

69776 cforsyth the Summoner (level 14, 0/126 HPs)
             Began as a Demigod Summoner on Apr 26, 2023.
             Slain by a sun demon (19 damage)
             ... summoned by an orc high priest
             ... on level 2 of the Orcish Mines.
             The game lasted 01:06:42 (30329 turns).

cforsyth the Summoner (Demigod Summoner)           Turns: 30329, Time: 01:06:43

Health: 0/126      AC: 21    Str: 19    XL:     14   Next: 50%
Magic:  26/33      EV: 14    Int: 39    God:
Gold:   2242       SH:  0    Dex: 17    Spells: 16/34 levels left

rFire   . . .        I - staff of death "Sukhol" {rN+ Str+7 Dex+3}
rCold   . . .        (no shield)
rNeg    + . .        X - +4 scale mail "Xigiesm" {rElec Will+ Str+3 SInv}
rPois   .            V - +2 hat
rElec   +            L - +0 cloak
rCorr   .            l - +2 pair of gloves
SInv    +            M - +1 pair of boots
Will    ++...        m - amulet of magic regeneration
Stlth   +            T - +6 ring of intelligence
HPRegen 0.41/turn    i - +4 ring of protection
MPRegen 0.63/turn

%: no passive effects
@: corroded
A: high MP 1, forlorn, divine attributes
a: no special abilities


You were on level 2 of the Orcish Mines.
You visited 3 branches of the dungeon, and saw 19 of its levels.
You also visited: Bailey.

You collected 2242 gold pieces.

Inventory:

Missiles
 Q - 4 throwing nets
Armour
 l - a +2 pair of gloves (worn)
 L - a +0 cloak (worn)
 M - a +1 pair of boots (worn)
 V - a +2 hat (worn)
 X - the +4 scale mail "Xigiesm" (worn) {rElec Will+ Str+3 SInv}
   (You found it on level 4 of the Lair of Beasts)

   Str:       It affects your strength (+3).
   rElec:     It insulates you from electricity.
   SInv:      It lets you see invisible.
   Will:      It increases your willpower.
Magical Staves
 I - the staff of death "Sukhol" (weapon) {rN+ Str+7 Dex+3}
   (You found it on level 8 of the Dungeon)

   [staff of death]

   Base accuracy: +5 Base damage: 5 Base attack delay: 1.2 This weapon's minimum
   attack delay (0.6) is reached at skill level 12.
   Str:       It affects your strength (+7).
   Dex:       It affects your dexterity (+3).
   rN:        It protects you from negative energy.
   It falls into the 'Staves' category.
   It is a one-handed weapon.
Jewellery
 i - a +4 ring of protection (right hand)
 k - a ring of magical power
 m - an amulet of magic regeneration (around neck)
 p - a ring of protection from fire
 C - a ring of positive energy
 D - a +6 ring of dexterity
 G - a ring of resist corrosion
 N - a +5 ring of evasion
 T - a +6 ring of intelligence (left hand)
Wands
 o - a wand of mindburst (21)
 x - a wand of roots (25)
 E - a wand of quicksilver (19)
 H - a wand of paralysis (11)
 U - a wand of polymorph (10)
 W - a wand of flame (33)
Scrolls
 a - a scroll of identify
 d - 2 scrolls of vulnerability
 g - a scroll of summoning
 j - 5 scrolls of fog
 r - 4 scrolls of enchant armour
 s - 4 scrolls of fear {unknown}
 v - 2 scrolls of enchant weapon {unknown}
 y - 4 scrolls of amnesia {unknown}
 z - a scroll of torment {unknown}
 A - 14 scrolls of teleportation
 B - 2 scrolls of blinking {unknown}
 P - a scroll of brand weapon {unknown}
 R - 2 scrolls of poison
 S - a scroll of magic mapping
Potions
 b - 2 potions of magic
 c - 7 potions of ambrosia
 e - 4 potions of brilliance
 f - 9 potions of curing
 h - 2 potions of resistance
 n - 11 potions of heal wounds
 q - 4 potions of cancellation
 t - 4 potions of haste
 u - 4 potions of might
 w - 3 potions of lignification
 F - 2 potions of mutation
 K - 2 potions of invisibility
 O - 5 potions of attraction


   Skills:
 - Level 12.0 Fighting
 - Level 7.8 Armour
 - Level 9.3 Dodging
 - Level 1.7 Stealth
 - Level 10.9 Spellcasting
 + Level 14.5 Summonings


You had 16 spell levels left.
You knew the following spells:

 Your Spells              Type           Power      Damage    Failure   Level
a - Summon Small Mammal   Summ           100%       N/A       0%          1
b - Call Imp              Summ           100%       N/A       1%          2
c - Call Canine Familiar  Summ           94%        N/A       1%          3
d - Summon Guardian Gole  Hex/Summ       67%        N/A       1%          3
e - Summon Lightning Spi  Summ/Air       67%        N/A       2%          4
f - Summon Forest         Summ/Tloc      33%        N/A       6%          5

Your spell library contained the following spells:

 Spells                   Type           Power      Damage    Failure   Level
 Summon Ice Beast         Ice/Summ       67%        N/A       2%          4
 Kiss of Death            Conj/Necr      100%       2d13      4%          1
 Magic Dart               Conj           84%        1d7       4%          1
 Searing Ray              Conj           42%        2d6       7%          2
 Static Discharge         Conj/Air       42%        2-4/arc   7%          2
 Confusing Touch          Hex            21%        N/A       14%         3
 Frozen Ramparts          Ice            42%        1d7       14%         3
 Gell's Gravitas          Tloc           21%        N/A       14%         3
 Inner Flame              Hex/Fire       21%        N/A       14%         3
 Portal Projectile        Hex/Tloc       42%        N/A       14%         3
 Vampiric Draining        Necr           32%        2d8       14%         3
 Vhi's Electric Charge    Tloc/Air       42%        N/A       14%         3
 Volatile Blastmotes      Fire/Tloc      42%        2d13      14%         3
 Airstrike                Air            10%        2d(2-18)  41%         4
 Dispel Undead            Necr           32%        3d14      41%         4
 Fulminant Prism          Conj/Hex       10%        3d8       41%         4
 Ice Form                 Ice/Tmut       21%        N/A       41%         4
 Leda's Liquefaction      Hex/Erth       10%        N/A       41%         4
 Manifold Assault         Tloc           21%        N/A       41%         4
 Arcjolt                  Conj/Air       10%        1d20      77%         5
 Borgnjor's Vile Clutch   Necr/Erth      16%        N/A       77%         5
 Fireball                 Conj/Fire      10%        3d6       77%         5
 Irradiate                Conj/Tmut      10%        3d15      77%         5
 Yara's Violent Unravell  Hex/Tmut       10%        3d6       77%         5
 Malign Gateway           Summ/Tloc      33%        N/A       88%         7
 Death Channel            Necr           16%        N/A       100%        6
 Dispersal                Tloc           10%        N/A       100%        6
 Plasma Beam              Fire/Air       10%        2x1d23    100%        6
 Enfeeble                 Hex            10%        N/A       100%        7
 Disjunction              Tloc           10%        N/A       100%        8
 Death's Door             Necr           16%        N/A       100%        9


Dungeon Overview and Level Annotations

Branches:
Dungeon (12/15)            Temple (0/1) D:4            Lair (5/5) D:10
  Swamp (0/4) Lair:2        Snake (0/4) Lair:2        Slime (0/5) Lair:5
    Orc (2/2) D:9             Elf (0/3) Orc:2        Bailey (visited)

Shops:
D:6 !   D:9 :

Portals:
Abyss: D:7

Annotations:
Orc:2 1 runed translucent door


Innate Abilities, Weirdness & Mutations

You have an increased reservoir of magic. (+10% MP)
You shall have no god before yourself.
Your divine heritage dramatically boosts your attributes as you level up.


Message History

a +0 hand axe; a +0 chain mail; an orc corpse The orc priest calls upon Beogh to heal the orc high priest.
The orc high priest's wounds heal themselves!
The orc high priest mumbles some strange prayers to Beogh against you.
Beogh smites you!
* * * LOW HITPOINT WARNING * * *
The sun demon hits your quokka!
Your quokka is engulfed in flames!
Your quokka dies!
Your quokka's corpse disappears in a puff of smoke!
Your cerulean imp hits the sun demon from afar with a +1 spear.
Your rat bites the sun demon but does no damage.
The rust devil barely misses your rat.
Unknown command.
Your warg completely misses the sun demon.
Your cerulean imp hits the sun demon but does no damage.
The chaos spawn is engulfed in blazing flames.
The rust devil closely misses your rat.
Your rat bites the sun demon but does no damage.
Things that are here:
a +0 flail; an orc corpse Your warg bites the sun demon!
The orc high priest hits your guardian golem with a +0 war axe!
The rust devil hits your rat. The rust devil corrodes your rat!
The orc priest invokes the aid of Beogh against you.
Beogh smites you!
* * * LOW HITPOINT WARNING * * *
The orc wizard points at you and mumbles some strange words.
The magic dart hits your cerulean imp.
Your warg bites the sun demon.
Okay, then.
You feel much better.
Your cerulean imp hits the orc wizard from afar with a +1 spear.
The orc wizard casts a spell at you.
The puff of flame hits your cerulean imp.
The orc high priest hits your rat with a +0 war axe!
Your rat dies!
Your rat's corpse disappears in a puff of smoke!
The orc misses your cerulean imp. The sun demon hits you!
* * * LOW HITPOINT WARNING * * *
You are engulfed in flames!!
You die...

....#............# ....#
....# ##.........# ....###
...### #......).### .......
.....###...).)....###......
.....#....))#[...##.....#
5#.........###)...#.....#
.#......)).###))).#...#
###.......###.....)).##
##.......## ##.)@.....#
####.....# ##.3..#.##
#....## #)h.)#.# #..#####
##)9##### ##.# ##.##§)8##
### #...#o45.## #..4oo)..#
#☼.§o)o.## .....○..o.......


You could see an orc high priest, a sun demon (summoned, ally target), a rust
devil (summoned), a chaos spawn (summoned), 2 orc priests, an orc wizard (ally
target), an orc, a friendly guardian golem (summoned), a friendly warg
(summoned, sheltered), a friendly lightning spire (summoned, sheltered) and a
friendly cerulean imp (summoned, sheltered).

Vanquished Creatures
  A kobold brigand (D:11)
  A bullfrog (Lair:2)
  A hell rat (Lair:3)
  An orc (D:9)
  2 goblins
  A quokka (D:2)
  A ball python (D:4)
  A bat (D:1)
  A frilled lizard (D:2)
  A rat (D:1)
11 creatures vanquished.

Vanquished Creatures (collateral kills)
  Gastronok (Lair:3)
  An ettin (shapeshifter) (D:8)
  A hydra (Lair:4)
  Fannar (Lair:2)
  4 boulder beetles
  Erica (D:9)
  6 death yaks (Lair:5)
  2 orc high priests (Orc:2)
  Sonja (Lair:3)
  A skyshark (Lair:5)
  2 goliath frogs (Lair:5)
  A bog body (Lair:2)
  A deep elf pyromancer (D:12)
  2 orc sorcerers (Orc:2)
  3 ugly things (D:8)
  2 manticores (D:12)
  3 cyclopes
  5 black mambas
  A torpor snail (Lair:5)
  18 cane toads
  7 gargoyles
  An orange demon (D:7)
  An unseen horror (D:12)
  A kobold demonologist (D:11)
  4 rime drakes
  6 komodo dragons
  2 efreet
  A queen bee (Orc:1)
  2 trolls (Orc:1)
  Grinder (D:6)
  3 polar bears
  A tyrant leech (Lair:5)
  2 dream sheep (Lair:5)
  A nameless horror (Lair:5)
  21 blink frogs
  A shadow (D:10)
  A wyvern (Lair:3)
  3 wraiths
  A vampire (D:10)
  30 yaks
  3 basilisks
  A neqoxec (D:8)
  2 steam dragons
  14 vampire mosquitoes
  Menkaure (D:4)
  2 nagas (Lair:2)
  A floating eye (shapeshifter) (D:8)
  9 water moccasins
  27 orc warriors
  2 ice beasts
  2 black bears
  8 ogres
  17 centaurs
  A small abomination (D:7)
  A phantom (D:7)
  9 kobold brigands
  2 gnoll sergeants
  Blork the orc (D:5)
  18 bullfrogs
  7 scorpions
  4 wights (D:9)
  30 killer bees
  2 howler monkeys (D:9)
  2 jellies
  31 orc priests
  A gnoll bouda (D:8)
  3 hounds
  3 sleepcaps
  Ijyb (D:5)
  Terence (D:2)
  5 hell rats
  An iguana (D:7)
  23 orc wizards
  9 gnolls
  7 adders
  9 river rats
  3 white imps
  3 worms
  2 dart slugs
  102 orcs
  6 endoplasms
  6 giant cockroaches
  9 goblins
  8 hobgoblins
  3 jackals (D:3)
  28 kobolds
  4 quokkas
  3 ball pythons
  4 bats
  6 frilled lizards
  A kobold (shapeshifter) (D:8)
  5 rats
  2 bushes
  A butterfly (D:7)
603 creatures vanquished.

Vanquished Creatures (others)
  Harold (D:11)
  A hydra (Lair:5)
  The ghost of Juicyj the Protected, a novice MiFi of Gozag (D:7)
  2 centaur warriors (D:8)
  2 two-headed ogres (D:10)
  A tengu warrior (D:12)
  The ghost of Laraso the Basher, a novice AtFi of Gozag (D:8)
  A cyclops (D:11)
  3 manticores (D:8)
  An orc sorcerer (Orc:2)
  2 black mambas
  A gargoyle (D:12)
  Psyche (D:8)
  2 cane toads
  A komodo dragon (Lair:2)
  3 trolls
  A tyrant leech (Lair:5)
  A neqoxec (D:8)
  4 yaks
  A basilisk (D:7)
  A warg (Orc:1)
  A naga (Lair:2)
  2 water moccasins (D:8)
  8 orc warriors
  A swamp drake (D:9)
  A black bear (D:10)
  5 scorpions (D:7)
  A bullfrog (D:8)
  7 killer bees
  An electric eel (Lair:3)
  A howler monkey (D:10)
  A river rat (Lair:1)
  3 orcs
  A giant cockroach (D:7)
  81 fungi
  131 plants
  2 snaplasher vines (Orc:2)
279 creatures vanquished.

Grand Total: 893 creatures vanquished

Notes
Turn   | Place    | Note
-------+----------+-------------------------------------------
     0 | D:1      | cforsyth the Demigod Summoner began the quest for the Orb.
     0 | D:1      | Reached XP level 1. HP: 14/14 MP: 5/5
   591 | D:1      | Reached XP level 2. HP: 20/20 MP: 4/7
   594 | D:1      | Learned a level 2 spell: Call Imp
  1129 | D:2      | Reached skill level 4 in Summonings
  1564 | D:2      | Reached XP level 3. HP: 12/26 MP: 4/9
  1568 | D:2      | Learned a level 3 spell: Call Canine Familiar
  1818 | D:2      | Noticed Terence
  1838 | D:2      | Killed Terence
  2685 | D:3      | Reached XP level 4. HP: 33/33 MP: 11/11
  2727 | D:3      | Learned a level 3 spell: Summon Guardian Golem
  3671 | D:4      | Reached XP level 5. HP: 36/38 MP: 13/13
  3720 | D:4      | Reached skill level 5 in Summonings
  4124 | D:4      | Reached XP level 6. HP: 45/45 MP: 15/15
  4129 | D:4      | Learned a level 4 spell: Summon Lightning Spire
  4285 | D:4      | Noticed Menkaure
  4380 | D:4      | Killed Menkaure
  4381 | D:4      | Reached skill level 6 in Summonings
  4408 | D:4      | Found a staircase to the Ecumenical Temple.
  4591 | D:5      | Entered Level 5 of the Dungeon
  4617 | D:5      | Noticed Ijyb
  4628 | D:5      | Killed Ijyb
  4629 | D:5      | Reached XP level 7. HP: 50/50 MP: 14/17
  4639 | D:5      | Reached skill level 5 in Spellcasting
  4687 | D:5      | Noticed Blork the orc
  4705 | D:5      | Killed Blork the orc
  4921 | D:5      | Reached skill level 7 in Summonings
  5216 | D:6      | Found Elytats's Distillery.
  5463 | D:6      | Reached XP level 8. HP: 42/57 MP: 20/20
  6176 | D:6      | Noticed Grinder
  6179 | D:6      | Paralysed by Grinder for 3 turns
  6195 | D:6      | Killed Grinder
  6196 | D:6      | Reached skill level 8 in Summonings
  6558 | D:7      | Found a flagged portal.
  6613 | Bailey   | Entered a bailey
  6954 | Bailey   | Reached XP level 9. HP: 62/62 MP: 16/24
  6956 | Bailey   | Reached skill level 9 in Summonings
  7542 | Bailey   | Reached skill level 10 in Summonings
  7545 | Bailey   | HP: 1/62 [centaur/javelin (7)]
  8285 | D:7      | Noticed a boulder beetle
  8638 | D:7      | Found a transporter.
  8678 | D:7      | Reached XP level 10. HP: 69/69 MP: 21/27
  8917 | D:7      | Identified the +1 leather armour of Junaaraa {Int-5 Dex+4}
  8935 | D:7      | Noticed Juicyj's ghost (novice MiFi)
  8945 | D:7      | Found a transporter.
  9018 | D:7      | Found a one-way gate to the infinite horrors of the Abyss.
  9121 | D:7      | Found a runed translucent door.
  9129 | D:7      | Found a runed translucent door.
  9251 | D:7      | Killed a boulder beetle
  9252 | D:7      | Reached skill level 11 in Summonings
  9514 | D:7      | Reached skill level 10 in Spellcasting
  9937 | D:8      | Found a runed translucent gate.
  9943 | D:8      | Found a runed translucent gate.
  9948 | D:8      | Noticed Psyche
  9958 | D:8      | Killed Psyche
  9981 | D:8      | Noticed a brown ugly thing
  9987 | D:8      | Noticed a brown ugly thing
 10022 | D:8      | Noticed a brown ugly thing
 10143 | D:8      | Found a runed translucent gate.
 11067 | D:8      | Noticed a manticore
 11067 | D:8      | Noticed a manticore
 11067 | D:8      | Noticed a centaur warrior
 11067 | D:8      | Noticed a manticore
 11080 | D:8      | Killed a manticore
 11091 | D:8      | Killed a centaur warrior
 11095 | D:8      | Killed a manticore
 11120 | D:8      | Noticed a centaur warrior
 11123 | D:8      | Killed a manticore
 11124 | D:8      | Reached skill level 12 in Summonings
 11124 | D:8      | Reached XP level 11. HP: 67/74 MP: 26/30
 11131 | D:8      | Killed a centaur warrior
 11413 | D:8      | Identified the staff of death "Sukhol" {rN+ Str+7 Dex+3}
 11413 | D:8      | Identified the +4 ring mail of Inquiry {-Tele Rampage rElec
                  | Int+6}
 11594 | D:8      | Identified the +3 ring mail of the Floral God {rN+}
 11817 | D:8      | Reached skill level 1 in Fighting
 11817 | D:8      | Reached skill level 1 in Armour
 12022 | D:8      | Found a runed translucent gate.
 12022 | D:8      | Found a runed translucent gate.
 12028 | D:8      | Found a runed translucent gate.
 12031 | D:8      | Noticed Laraso's ghost (novice AtFi)
 13234 | D:8      | Noticed a fire crab
 13355 | D:9      | Noticed Erica
 13392 | D:9      | Killed Erica
 13670 | D:9      | Found Otrost's Book Emporium.
 13929 | D:9      | Found a staircase to the Orcish Mines.
 14506 | D:10     | Entered Level 10 of the Dungeon
 14780 | D:9      | Reached skill level 5 in Fighting
 14780 | D:9      | Reached skill level 5 in Armour
 15436 | D:10     | Found a staircase to the Lair.
 15938 | D:11     | Noticed a two-headed ogre
 15946 | D:11     | Noticed Harold
 16389 | D:11     | Noticed a two-headed ogre
 16647 | D:10     | Killed a two-headed ogre
 16648 | D:10     | Reached XP level 12. HP: 61/96 MP: 28/31
 17000 | D:11     | Killed Harold
 18430 | D:12     | Acquired Sif Muna's Dissertation on Dislocated Assaults
 18440 | D:12     | Learned a level 5 spell: Summon Forest
 19723 | Lair:1   | Entered Level 1 of the Lair of Beasts
 19925 | Lair:1   | Noticed a boulder beetle
 20462 | Lair:1   | Killed a boulder beetle
 20833 | Lair:2   | Reached skill level 5 in Dodging
 20929 | Lair:2   | Noticed Fannar
 20938 | Lair:2   | Killed Fannar
 20939 | Lair:2   | Reached XP level 13. HP: 96/111 MP: 20/32
 20957 | Lair:2   | Got the Opusculum on the Catacomb
 21349 | Lair:2   | Found a staircase to the Swamp.
 21600 | Lair:2   | Found a staircase to the Snake Pit.
 22356 | Lair:3   | Noticed Gastronok
 22366 | Lair:3   | Killed Gastronok
 22494 | Lair:3   | Noticed Sonja
 22514 | Lair:3   | Reached skill level 10 in Fighting
 22518 | Lair:3   | Killed Sonja
 23792 | Lair:4   | Got the Volume of Burning and Sinister Liturgies
 24571 | Lair:4   | Identified the +4 scale mail "Xigiesm" {rElec Will+ Str+3
                  | SInv}
 25572 | Lair:5   | Entered Level 5 of the Lair of Beasts
 26119 | Lair:5   | Reached XP level 14. HP: 122/126 MP: 16/33
 26747 | Lair:5   | Reached skill level 13 in Summonings
 27138 | Lair:5   | Identified the +10 dagger "Fytzof" {drain, rN+++ Str+4
                  | Int-3 Dex-3 Stlth+}
 27747 | Lair:5   | Found a staircase to the Slime Pits.
 27950 | Orc:1    | Entered Level 1 of the Orcish Mines
 28880 | D:7      | Killed Juicyj's ghost
 29033 | D:8      | Killed Laraso's ghost
 29034 | D:8      | Reached skill level 14 in Summonings
 29735 | Orc:2    | Entered Level 2 of the Orcish Mines
 30047 | Orc:2    | Found a staircase to the Elven Halls.
 30098 | Orc:2    | Found a runed translucent gate.
 30098 | Orc:2    | Identified the +7 plate armour of Piunn {Str+3 Dex+4}
 30329 | Orc:2    | Slain by a sun demon

Illustrated notes

Levels and vault maps discovered:
D:1:      tekkud_arrival_beachfront_property, layout_loops_ring, serial_forest,
          infiniplex_forest_join, infiniplex_forest_end_3,
          infiniplex_forest_clump_medium, infiniplex_forest_straight_2,
          infiniplex_forest_straight_4, infiniplex_forest_zigzag_1,
          minmay_crystal_room
D:2:      layout_basic, uniq_terence
D:3:      layout_basic, chequers_temple_overflow_statue_of_worship
D:4:      cheibrodos_helix_gallery, layout_loops_ring,
          mainiacjoe_overflow_brackets, mainiacjoe_overflow_24_doors,
          temple_statues, uniq_menkaure
D:5:      layout_basic, trog_three_pillars_becter,
          mainiacjoe_overflow_concentric_impassable, chequers_decorated_corner,
          uniq_ijyb, uniq_blork_the_orc
D:6:      layout_basic, nicolae_dithmenos_through_a_glass_darkly,
          nicolae_stop_n_shop_2, uniq_grinder
D:7:      lemuel_insect_pit, layout_loops_cross, enter_bailey_5,
          gammafunk_ghost_abyssal_escape, minmay_three_doors
D:8:      minmay_the_grid_triangle_9x9_recursive_2
          [minmay_the_grid_triangle_9x9_prize_top_heavy,
          minmay_the_grid_triangle_9x9_odd_lines,
          minmay_the_grid_triangle_9x9_cache,
          minmay_the_grid_triangle_9x9_wacky_v], layout_rooms,
          ploomutoo_gammafunk_ghost_potion_laboratory, uniq_psyche
D:9:      layout_cave_pods, mainiacjoe_overflow_chevrons, zin_academy,
          erik_orc_1, serial_shops, nicolae_square_shop, uniq_erica
D:10:     layout_rooms, okawaru_ov_weapons_minmay,
          grunt_lair_entry_orc_guard_hut
D:11:     layout_gridville, centaur_isle, uniq_harold
D:12:     cheibrodos_statue_roulette, layout_cave_pods
Lair:1:   hellmonk_destroyed_diamonds, layout_regular_city, minivault_19,
          kennysheep_rathole, lemuel_fruit_tree
Lair:2:   layout_loops_ring, skrybe_swamp_entry_bodies,
          guppyfry_snake_entry_island, pond, uniq_fannar
Lair:3:   layout_regular_city, gammafunk_lair_bear_cave, uniq_sonja,
          uniq_gastronok
Lair:4:   nzn_winding_woodlands_medium [nzn_winding_woodlands_5x5_closed_star,
          nzn_winding_woodlands_5x15_concentric,
          nzn_winding_woodlands_hourglass, nzn_winding_woodlands_5x5_default,
          nzn_winding_woodlands_center_diamonds,
          nzn_winding_woodlands_5x5_open_star, nzn_winding_woodlands_5x5_three,
          nzn_winding_woodlands_5x15_sidewinder,
          nzn_winding_woodlands_5x5_perimeter], layout_layer_cave
Lair:5:   minmay_lair_end_frog_pond, layout_cave_pods,
          dpeg_slime_entry_enclosed, nicolae_quartered_pool_super
Orc:1:    layout_caves, special_room [special_room_bee]
Orc:2:    st_orc_mages, layout_diamond_mine, biasface_ghost_orc_armoury,
          basic_altar

Skill      XL: |  1  2  3  4  5  6  7  8  9 10 11 12 13 14 |
---------------+-------------------------------------------+-----
Spellcasting   | 2 3 4 6 7 9 10 | 10.9
Summonings     | 4 5 6 7 8 10 12 14 | 14.5
Fighting       | 6 9 12 | 12.0
Armour         | 6 7 |  7.8
Dodging        | 5 9 |  9.3
Stealth        | |  1.7

Action                     |  1- 3 |  4- 6 |  7- 9 | 10-12 | 13-15 || total
---------------------------+-------+-------+-------+-------+-------++-------
  Melee: Unarmed           |   120 |    14 |     8 |    14 |       ||   156
         Punch             |     1 |     1 |       |       |     1 ||     3
         Staff             |       |       |       |    25 |   117 ||   142
   Cast: Summon Small Mamm |    47 |    28 |    30 |    86 |    95 ||   286
         Call Imp          |     8 |    15 |    28 |    58 |    47 ||   156
         Call Canine Famil |     8 |    18 |    25 |    67 |    54 ||   172
         Summon Guardian G |       |     1 |    21 |    84 |    83 ||   189
         Summon Lightning  |       |     1 |    34 |    79 |    71 ||   185
         Summon Forest     |       |       |       |    21 |    51 ||    72
    Use: Scroll            |       |       |     9 |     5 |     3 ||    17
         Potion            |       |       |     1 |     3 |     1 ||     5
   Stab: Sleeping          |     3 |       |       |     1 |       ||     4
         Distracted        |     1 |       |     1 |     3 |     3 ||     8
 Armour: Robe              |    19 |     6 |    25 |     9 |       ||    59
         Ring mail         |       |       |       |    90 |    34 ||   124
         Scale mail        |       |       |       |       |    67 ||    67
  Dodge: Dodged            |    87 |    17 |    58 |   131 |   163 ||   456

Table legend: (Time is in decaauts)
 A = Elapsed time spent in this place.
 B = Non-inter-level travel time spent in this place.
 C = Inter-level travel time spent in this place.
 D = Time resting spent in this place.
 E = Time spent auto-exploring this place.
 F = Levels seen in this place.
 G = Mean time per level.
                   A        B        C        D        E       F      G
               +--------+--------+--------+--------+--------+-----+--------+
         Total |  30449 |  29138 |   1311 |   7623 |  15311 |  20 | 1522.4 |
       Dungeon |  19214 |  18145 |   1069 |   5861 |   8831 |  12 | 1601.2 |
          Lair |   8258 |   8060 |    198 |   1159 |   5121 |   5 | 1651.6 |
  Orcish Mines |   1451 |   1408 |     43 |     25 |    903 |   2 |  725.5 |
        Bailey |   1525 |   1525 |      0 |    578 |    456 |   1 | 1525.0 |
               +--------+--------+--------+--------+--------+-----+--------+

Top non-repeatable levels by time:
     D:8: 2993 daAuts
     D:9: 2496 daAuts
    D:10: 2331 daAuts
  Lair:5: 2275 daAuts
     D:7: 2169 daAuts
  Lair:4: 1976 daAuts
  Lair:2: 1607 daAuts
  Bailey: 1525 daAuts
     D:2: 1408 daAuts
     D:6: 1317 daAuts
  Lair:3: 1277 daAuts
     D:3: 1273 daAuts
    D:12: 1261 daAuts
    D:11: 1259 daAuts
  Lair:1: 1120 daAuts
